 Dungeon Crawl Stone Soup version 0.28-a0-474-g535839065c (webtiles) character file.

Game seed: 895313250308977532

101 meatgazer the Thaumaturge (level 4, -5/34 HPs)
             Began as a Gnoll Wanderer on Sept 15, 2021.
             Killed by nerve-wracking pain
             ... invoked by an orc priest
              (9 damage)
             ... on level 3 of the Dungeon.
             The game lasted 00:06:26 (2999 turns).

meatgazer the Thaumaturge (Gnoll Wanderer)          Turns: 2999, Time: 00:06:26

Health: -5/34      AC:  5    Str: 12    XL:     4   Next: 75%
Magic:  13/15      EV: 12    Int: 11    God:
Gold:   105        SH:  0    Dex: 12    Spells: 17/21 levels left

rFire   . . .      SeeInvis .   e - +1 dagger (venom)
rCold   . . .      Faith    .   (no shield)
rNeg    . . .      Spirit   .   c - +0 robe
rPois   .          Reflect  .   (no helmet)
rElec   .          Harm     .   (no cloak)
rCorr   .          Rampage  .   (no gloves)
Will    .....                   p - +2 pair of boots
Stlth   ++........              (no amulet)
HPRegen 0.11/turn               (no ring)
MPRegen 0.14/turn               (no ring)

@: hasted, very quick
A: fangs 1, strong nose, distributed training
a: no special abilities


You were on level 3 of the Dungeon.
You visited 1 branch of the dungeon, and saw 3 of its levels.

You collected 105 gold pieces.

Inventory:

Hand Weapons
 e - a +1 dagger of venom (weapon)
Missiles
 g - 104 stones (quivered)
Armour
 c - a +0 robe (worn)
 p - a +2 pair of boots (worn)
Scrolls
 a - a scroll of brand weapon {unknown}
 b - a scroll of blinking
 d - 2 scrolls of silence
Potions
 h - a potion of degeneration {unknown}
 i - a potion of brilliance
 j - a potion of flight {unknown}
 k - 2 potions of invisibility
 l - a potion of lignification {unknown}
 m - 3 potions of curing {unknown}
 n - a potion of attraction {unknown}


   Skills:
 + Level 2.8 Fighting
 + Level 1.2 Short Blades
 + Level 2.8 Long Blades
 + Level 1.2 Axes
 + Level 1.2 Maces & Flails
 + Level 1.2 Polearms
 + Level 1.2 Staves
 + Level 1.2 Slings
 + Level 1.2 Bows
 + Level 1.2 Crossbows
 + Level 1.2 Throwing
 + Level 1.2 Armour
 + Level 2.8 Dodging
 + Level 2.6 Stealth
 + Level 1.2 Shields
 + Level 1.2 Unarmed Combat
 + Level 9.3 Spellcasting
 + Level 2.3 Conjurations
 + Level 1.0 Hexes
 + Level 1.0 Summonings
 + Level 1.0 Necromancy
 + Level 1.0 Translocations
 + Level 1.0 Transmutations
 + Level 1.0 Fire Magic
 + Level 1.0 Ice Magic
 + Level 1.0 Air Magic
 + Level 1.0 Earth Magic
 + Level 1.0 Poison Magic
 + Level 1.3 Invocations
 + Level 2.8 Evocations


You had 17 spell levels left.
You knew the following spells:

 Your Spells              Type           Power      Damage    Failure   Level
a - Foxfire               Conj/Fire      32%        2x1d5     7%          1
b - Sandblast             Erth           14%        2d6       9%          1
c - Static Discharge      Conj/Air       8%         N/A       11%         2

Your spell library contained the following spells:

 Spells                   Type           Power      Damage    Failure   Level
 Stone Arrow              Conj/Erth      16%        3d8       21%         3
 Mephitic Cloud           Conj/Pois/Air  8%         N/A       22%         3
 Ozocubu's Armour         Ice            7%         N/A       26%         3
 Lightning Bolt           Conj/Air       4%         1d15      88%         5
 Ozocubu's Refrigeration  Ice            3%         4d5       100%        7
 Maxwell's Capacitive Co  Air            3%         ∞         100%        8


Dungeon Overview and Level Annotations

Branches:
Dungeon (3/15)

Altars:
Ru

Shops:
D:2 [


Innate Abilities, Weirdness & Mutations

You have very sharp teeth.
Your uncanny sense of smell can sniff out nearby items.
Your experience applies equally to all skills.


Message History

The orc moves out of view.
An orc comes into view. It is wielding a +0 dagger.
The orc shouts!
You hear a shout!
The orc priest invokes the aid of Beogh against you.
Beogh smites you!
An orc priest comes into view. It is wielding a +0 hand axe.
The orc priest invokes the aid of Beogh against you.
You barely resist.
Casting: Sandblast (safe; 9% risk of failure)
Confirm with . or Enter, or press ? or * to list all spells.
You can't see any susceptible monsters within range! (Use Z to cast anyway.)
Casting: Sandblast (safe; 9% risk of failure)
Confirm with . or Enter, or press ? or * to list all spells.
You can't see any susceptible monsters within range! (Use Z to cast anyway.)
Casting: Sandblast (safe; 9% risk of failure)
Confirm with . or Enter, or press ? or * to list all spells.
You can't see any susceptible monsters within range! (Use Z to cast anyway.)
The orc hits you with a +0 flail.
Casting: Sandblast (safe; 9% risk of failure)
Confirm with . or Enter, or press ? or * to list all spells.
The orc is struck by an arc of lightning.
The orc is heavily wounded.
The lightning grounds out.
The orc is struck by an arc of lightning!
You kill the orc!
The lightning grounds out.
The orc priest is struck by an arc of lightning!
The orc priest is heavily wounded.
You are struck by an arc of lightning.
The lightning grounds out.
The orc hits you but does no damage.
The orc priest invokes the aid of Beogh against you.
Beogh smites you!
The orc priest mumbles some strange prayers to Beogh against you.
Beogh smites you!
* * * LOW HITPOINT WARNING * * *
It was a potion of haste.
You feel yourself speed up. The orc closely misses you. x2
The orc priest invokes the aid of Beogh against you.
Pain shoots through your body!
You die...

********** *,,,,,,,,*
********,,,,,,,,****************
*,,,,,,+,,,∆,,,,+,,,,,,,,,,,,,,,
*,******,,,,,,,,****************
*,*####################******
*>,............oo......,,,,,*
*,*******#.....@o.o..#*****,****
*,**** #.#########.# *,,,,,,
*,,,,* ###'###### *,*****,,,***
****,* #........# *,,,,,,,*,* *
#.###........# ********#.###
#...'........# *....
#####........# *#..# #........#
*..# #..≈.....# *#.#


You could see 2 orc priests and 2 orcs.

Vanquished Creatures
  An orc wizard (D:2)
  2 adders
  A dart slug (D:2)
  4 orcs
  9 ball pythons
  7 endoplasms
  2 giant cockroaches
  5 goblins
  A hobgoblin (D:1)
  4 quokkas
  6 bats
  3 frilled lizards
  3 kobolds
  2 rats (D:1)
  A foxfire (D:1)
51 creatures vanquished.

Vanquished Creatures (others)
  4 foxfires (D:1)
4 creatures vanquished.

Grand Total: 55 creatures vanquished

Notes
Turn   | Place    | Note
-------+----------+-------------------------------------------
     0 | D:1      | Reached skill level 9 in Spellcasting
     0 | D:1      | meatgazer the Gnoll Wanderer began the quest for the Orb.
     0 | D:1      | meatgazer set off with the following items: a +2 dagger, a
                  | scroll of blinking, a +0 robe; and the following spells
                  | available to memorise: Foxfire, Sandblast, Stone Arrow,
                  | Mephitic Cloud
     0 | D:1      | Reached XP level 1. HP: 17/17 MP: 10/10
     9 | D:1      | Learned a level 1 spell: Foxfire
    11 | D:1      | Learned a level 1 spell: Sandblast
   330 | D:1      | Reached XP level 2. HP: 12/23 MP: 12/12
  1735 | D:2      | Reached XP level 3. HP: 24/28 MP: 11/13
  1738 | D:2      | Learned a level 2 spell: Static Discharge
  1981 | D:2      | Reached skill level 1 in Invocations
  2008 | D:2      | Reached skill level 1 in Short Blades
  2008 | D:2      | Reached skill level 1 in Axes
  2008 | D:2      | Reached skill level 1 in Maces & Flails
  2008 | D:2      | Reached skill level 1 in Polearms
  2008 | D:2      | Reached skill level 1 in Staves
  2008 | D:2      | Reached skill level 1 in Slings
  2008 | D:2      | Reached skill level 1 in Bows
  2008 | D:2      | Reached skill level 1 in Crossbows
  2008 | D:2      | Reached skill level 1 in Throwing
  2008 | D:2      | Reached skill level 1 in Armour
  2008 | D:2      | Reached skill level 1 in Shields
  2008 | D:2      | Reached skill level 1 in Unarmed Combat
  2008 | D:2      | Reached XP level 4. HP: 15/34 MP: 5/15
  2678 | D:2      | Found Loenol's Antique Armour Emporium.
  2775 | D:3      | Reached skill level 1 in Hexes
  2775 | D:3      | Reached skill level 1 in Summonings
  2775 | D:3      | Reached skill level 1 in Necromancy
  2775 | D:3      | Reached skill level 1 in Translocations
  2775 | D:3      | Reached skill level 1 in Transmutations
  2775 | D:3      | Reached skill level 1 in Fire Magic
  2775 | D:3      | Reached skill level 1 in Ice Magic
  2775 | D:3      | Reached skill level 1 in Air Magic
  2775 | D:3      | Reached skill level 1 in Earth Magic
  2775 | D:3      | Reached skill level 1 in Poison Magic
  2922 | D:3      | Found a sacrificial altar of Ru.
  2999 | D:3      | Killed from afar by an orc priest

Illustrated notes

Levels and vault maps discovered:
D:1:      roderic_chinese_lattice_arrival, layout_loops_cross
D:2:      layout_basic, serial_shops, shop
D:3:      layout_basic, mainiacjoe_overflow_tiny_flanked

Skill      XL: |  1  2  3  4 |
---------------+-------------+-----
Spellcasting   | |  9.3
Conjurations   | 2 |  2.3
Invocations    | 1 |  1.3
Short Blades   | 1 |  1.2
Axes           | 1 |  1.2
Maces & Flails | 1 |  1.2
Polearms       | 1 |  1.2
Staves         | 1 |  1.2
Slings         | 1 |  1.2
Bows           | 1 |  1.2
Crossbows      | 1 |  1.2
Throwing       | 1 |  1.2
Armour         | 1 |  1.2
Shields        | 1 |  1.2
Unarmed Combat | 1 |  1.2
Hexes          | 1 |  1.0
Summonings     | 1 |  1.0
Necromancy     | 1 |  1.0
Translocations | 1 |  1.0
Transmutations | 1 |  1.0
Fire Magic     | 1 |  1.0
Ice Magic      | 1 |  1.0
Air Magic      | 1 |  1.0
Earth Magic    | 1 |  1.0
Poison Magic   | 1 |  1.0
Fighting       | |  2.8
Long Blades    | |  2.8
Dodging        | |  2.8
Stealth        | |  2.6
Evocations     | |  2.8

Action                   |  1- 3 |  4- 6 || total
-------------------------+-------+-------++-------
Melee: Dagger            |    55 |    35 ||    90
       Bite              |     2 |     4 ||     6
 Cast: Foxfire           |     7 |       ||     7
       Sandblast         |    12 |     4 ||    16
       Static Discharge  |     7 |     2 ||     9
  Use: Scroll            |     3 |     3 ||     6
       Potion            |     1 |     1 ||     2
 Stab: Sleeping          |     3 |     4 ||     7
Armor: Robe              |    11 |     8 ||    19
Dodge: Dodged            |    34 |    14 ||    48

Table legend: (Time is in decaauts)
 A = Elapsed time spent in this place.
 B = Non-inter-level travel time spent in this place.
 C = Inter-level travel time spent in this place.
 D = Time resting spent in this place.
 E = Time spent auto-exploring this place.
 F = Levels seen in this place.
 G = Mean time per level.
                   A        B        C        D        E       F      G
               +--------+--------+--------+--------+--------+-----+--------+
         Total |   2995 |   2928 |     67 |    742 |   1807 |   3 |  998.3 |
       Dungeon |   2995 |   2928 |     67 |    742 |   1807 |   3 |  998.3 |
               +--------+--------+--------+--------+--------+-----+--------+

Top non-repeatable levels by time:
     D:1: 1723 daAuts
     D:2: 996 daAuts
     D:3: 275 daAuts
